 Dungeon Sprint DCSS version 0.26-a0-831-g7192265339 (webtiles) character file.

Game seed: 17324508907708900649

244409 demenzo the Conqueror (level 17, 0/283 (286) HPs)
             Began as a Minotaur Berserker on Nov 16, 2020.
             Was the Champion of Trog.
             Slain by an azure jelly (3 damage)
             ... created by the Royal Jelly
             ... in the Dungeon (Sprint III: "The Ten Rune Challenge").
             The game lasted 00:45:58 (15899 turns).

demenzo the Conqueror (Minotaur Berserker)         Turns: 15899, Time: 00:45:59

HP:   0/283 (286)   AC: 36    Str: 36    XL:     17   Next: 64%
MP:   16/16         EV: 27    Int:  6    God:    Trog [******]
Gold: 2308          SH:  0    Dex: 19    Spells: 16/16 levels left

rFire    + . .     SeeInvis +   E - +2 executioner's axe (vorpal)
rCold    + . .     Faith    +   (shield currently unavailable)
rNeg     . . .     Spirit   .   n - +4 gold dragon scales
rPois    +         Reflect  .   G - +1 hat {SInv}
rElec    .         Harm     .   J - +0 cloak
rCorr    +         Rampage  .   (no gloves)
MR       +++..     NoTele   +   y - +0 pair of boots of the Desert {Dex+8 Stlth-}
Stlth    ..........             i - amulet of faith
HPRegen  1.57/turn              X - ring "Wagextowk" {Str+10 Stlth-}
MPRegen  0.15/turn              P - ring of resist corrosion

@: berserking, regenerating, studying Crossbows, very quick
A: retaliatory headbutt, horns 2, blurry vision 1
}: 4/10 runes: decaying, serpentine, silver, iron
a: Berserk, Trog's Hand, Brothers in Arms, Renounce Religion


You were in the Dungeon.
You worshipped Trog.
Trog was exalted by your worship.
You visited 1 branch You collected 4838 gold pieces.
You spent 2530 gold pieces at shops.

Inventory:

Hand Weapons
 a - the +8 executioner's axe of the Egg {flame, rElec rPois Int+4 Dex+5}
   (Trog gifted it to you in the Dungeon)

   It has been specially enchanted to burn those struck by it, causing extra
   injury to most foes and up to half again as much damage against particularly
   susceptible opponents.
   Big, fiery blades are also staple armaments of hydra-hunters.
   It affects your intelligence (+4).
   It affects your dexterity (+5).
   It insulates you from electricity.
   It protects you from poison.
 b - a +1 arbalest of chaos
 A - the +4 staff of Dispater
   (You took it off Dispater in the Dungeon)
 E - a +2 vorpal executioner's axe (weapon)
 I - the +6 broad axe "Isuenurr" {flame, Str+3, unknown}
   (Trog gifted it to you in the Dungeon)

   It has been specially enchanted to burn those struck by it, causing extra
   injury to most foes and up to half again as much damage against particularly
   susceptible opponents.
   Big, fiery blades are also staple armaments of hydra-hunters.
   It affects your strength (+3).
Missiles
 L - 7 curare-tipped darts
 Q - 193 silver bolts
 U - 12 throwing nets (quivered)
Armour
 n - +4 gold dragon scales (worn)
 y - the +0 pair of boots of the Desert (worn) {Dex+8 Stlth-}
   (You found it in the Dungeon)

   It affects your dexterity (+8).
   It makes you less stealthy.
 G - a +1 hat of see invisible (worn)
 J - a +0 cloak (worn)
 O - a +2 plate armour of fire resistance
Jewellery
 i - an amulet of faith (around neck)
 k - the amulet "Norom" {RegenMP +Fly, unknown}
   (You found it in the Dungeon)

   [amulet of magic regeneration]

   It increases your magic regeneration.
   It lets you fly.
 u - an uncursed ring of protection from magic
 v - a +4 ring of evasion
 w - the ring of Recklessness {+Fly rC+ Str+2 Stlth+}
   (You bought it in a shop in the Dungeon)

   [ring of flight]

   It affects your strength (+2).
   It protects you from cold.
   It lets you fly.
   It makes you more stealthy.
 C - an uncursed ring of protection from fire
 H - the ring "Iderurra" {MR+ Dex+6, unknown}
   (You found it in the Dungeon)

   [ring of dexterity]

   It affects your dexterity (+6).
   It affects your resistance to hostile enchantments.
 P - a ring of resist corrosion (right hand)
 X - the ring "Wagextowk" (left hand) {Str+10 Stlth-}
   (You found it in the Dungeon)

   [ring of attention]

   It affects your strength (+10).
   It makes you less stealthy.
 Y - the amulet of Zuch {rF+ Regen+ Int+3}
   (You found it in the Dungeon)

   [amulet of regeneration]

   It affects your intelligence (+3).
   It protects you from fire.
   It increases your rate of regeneration.
 Z - the ring of Risid {Ice +Inv}
   (You found it in the Dungeon)

   [ring of ice]

   It enhances your ice magic.
   It makes you vulnerable to fire.
   It protects you from cold.
   It lets you turn invisible.
Wands
 B - a wand of iceblast (23)
 M - a wand of polymorph (9)
 N - a wand of paralysis (5)
 R - a wand of disintegration (9)
 V - a wand of acid (5)
Scrolls
 l - 3 scrolls of remove curse
 o - a scroll of holy word
 z - a scroll of fear
Potions
 c - 4 potions of curing
 d - 4 potions of heal wounds
 e - a potion of haste
 f - 2 potions of magic
 g - a potion of berserk rage
 m - a potion of cancellation
 p - 3 potions of flight
 q - 4 potions of mutation
 r - a potion of might
 x - a potion of lignification
 F - 2 potions of invisibility
 K - 2 potions of resistance
 T - 2 potions of degeneration
Books
 S - a manual of Crossbows
Miscellaneous
 s - a tin of tremorstones (2/2)
 D - a lightning rod (4/4)
 W - the horn of Geryon


   Skills:
 O Level 27 Fighting
 - Level 26.0 Axes
 O Level 27 Armour
 O Level 27 Dodging
 * Level 25.2 Evocations


You had 16 spell levels left.
You didn't know any spells.
Your spell library was empty.

Dungeon Overview and Level Annotations

Branches:
Dungeon (1/1)

Altars:
Cheibriados
Dithmenos
Elyvilon
Fedhas
Gozag
Hepliaklqana
Kikubaaqudgha
Makhleb
Nemelex Xobeh
Okawaru
Qazlal
Ru
Sif Muna
Trog
Uskayaw
Vehumet
Wu Jian
Xom
Yredelemnul
Zin
The Shining One
Beogh
Jiyva
Lugonu

Shops:
D [=?*(!=}!}[!}*[[(=?:}(!

Annotations:
D exclusion: 3 doors


Innate Abilities, Weirdness & Mutations

You reflexively headbutt those who attack you in melee.
You have a pair of horns on your head.
Scrolls take you a little longer to read.


Message History

* * * LOW HITPOINT WARNING * * *
You headbutt the acid blob!
The acid blob is severely wounded.
You slice the azure jelly!! The azure jelly completely misses you.
You furiously retaliate!
You headbutt the azure jelly!
The azure jelly hits you but does no damage. x2
The azure jelly completely misses you. The acid blob spits acid at you.
The splash of acid hits you but does no damage.
You are splashed with acid.
You resist.
* * * LOW HITPOINT WARNING * * *
Unknown command.
You slice the acid blob!!
You kill the acid blob!
That felt strangely unrewarding.
You slash the azure jelly! The azure jelly completely misses you.
You furiously retaliate!
You headbutt the azure jelly.
The azure jelly hits you but does no damage.
The azure jelly misses you. The azure jelly hits you.
You die...

▓.................#___#__'..)
▓▓▓▓▓▓▓▓▓▓▓▓▓▓▓▓▓▓▓▓▓▓▓▓▓▓▓▓▓
▓...+≈≈§≈≈§≈≈≈♣♣.....♣♣♣♣≈≈≈
▓...#≈≈≈§§§≈≈≈♣♣.≈≈≈≈'♣♣'♣≈≈
▓.P.#≈≈.≈§§≈≈)≈'.....#.≈♣♣♣♣
▓...#≈≈§§≈§.≈≈♣♣♣♣♣♣♣#..♣♣
▓...#≈.§§§≈§≈≈♣ ###'♣♣♣
▓##'####G#######♣ ♣♣♣♣.##.
▓.......JJ[@J...♣♣ ♣...##.#
▓#'#############'♣ ♣♣.##.##
▓...#≈...........♣ ♣..#.##
▓.J.)≈≈...########♣♣ ♣♣.##.#
▓..)#≈≈≈..........P♣ ♣♣.##.#
▓J?.#≈≈≈≈....P....P♣ ♣.....#
#.#############'############
##.###### #...........##
##J#...### #............#


You could see an acid blob, an azure jelly, a death ooze and a floating eye.

Vanquished Creatures
  the Royal Jelly (D)
  Dispater (D)
  Mennas (D)
  Mara (D)
  Boris (D)
  Frederick (D)
  Sigmund (D)
  Geryon (D)
  Nikola (D)
  2 golden dragons (D)
  A lich (D)
  A Brimstone Fiend (D)
  An iron giant (D)
  3 Hell Sentinels (D)
  Rupert (D)
  2 deep elf blademasters (D)
  A titan (D)
  6 acid blobs (D)
  A quicksilver dragon (D)
  An Executioner (D)
  2 shadow dragons (D)
  A storm dragon (D)
  Chuck (D)
  2 fire giants (D)
  A nagaraja (D)
  8 azure jellies (D)
  Roxanne (D)
  A frost giant (D)
  A draconian knight (D)
  An iron dragon (D)
  3 stone giants (D)
  4 war gargoyles (D)
  Nessos (D)
  2 vampire knights (D)
  2 dire elephants (D)
  A deep elf annihilator (D)
  A yellow draconian (D)
  2 deep elf death magi (D)
  5 death oozes (D)
  A fire dragon (D)
  A mummy priest (D)
  An ogre mage (D)
  2 yaktaur captains (D)
  18 vault guards (D)
  2 ice dragons (D)
  2 hell beasts (D)
  Erolcha (D)
  A naga warrior (D)
  3 hydras (D)
  2 iron elementals (D)
  6 anacondas (D)
  2 centaur warriors (D)
  4 death yaks (D)
  3 titan zombies (D)
  2 soul eaters (D)
  Urug (D)
  2 sun demons (D)
  An iron golem (D)
  4 skeletal warriors (D)
  A deep elf knight (D)
  A shadow wraith (D)
  A spriggan druid (D)
  A death drake (D)
  A glowing orange brain (D)
  A lindwurm (D)
  2 kraken simulacra (D)
  2 obsidian statues (D)
  A lindwurm (shapeshifter) (D)
  A spectral iron dragon (D)
  An orc knight (D)
  A wolf spider (shapeshifter) (D)
  2 oklob plants (D)
  A crystal guardian (D)
  A glowing shapeshifter (D)
  7 deep elf magi (D)
  2 shining eyes (D)
  4 ugly things (D)
  A moth of wrath (shapeshifter) (D)
  An elephant (D)
  A guardian serpent (D)
  3 black mambas (D)
  3 rust devils (D)
  A molten gargoyle (D)
  8 statues (D)
  Edmund (D)
  A stone giant skeleton (D)
  A rime drake (D)
  2 cane toads (D)
  A komodo dragon (D)
  10 yaktaurs (D)
  2 ice devils (D)
  4 spriggan defenders (D)
  2 tyrant leeches (D)
  A guardian mummy (D)
  A queen bee (D)
  2 orc high priests (D)
  3 hornets (D)
  11 slime creatures (D)
  8 blink frogs (D)
  A redback (shapeshifter) (D)
  4 shadows (D)
  5 redbacks (D)
  2 spriggans (D)
  3 wandering mushrooms (D)
  A golden eye (D)
  A spatial vortex (D)
  2 nagas (D)
  2 iron troll simulacra (D)
  2 hydra simulacra (D)
  3 floating eyes (D)
  A swamp drake (D)
  4 water moccasins (D)
  An orc warrior (D)
  A necrophage (D)
  5 two-headed ogres (D)
  A water elemental (D)
  A scorpion (D)
  31 killer bees (D)
  6 electric eels (D)
  A quasit (D)
  A jelly (D)
  3 orc priests (D)
  A necromancer (D)
  A wizard (D)
  3 humans (D)
  A kobold demonologist (D)
  An adder (D)
  2 swamp drake simulacra (D)
  An ooze (D)
  10 orcs (D)
  3 rats (D)
  2 butterflies (D)
334 creatures vanquished.

Vanquished Creatures (collateral kills)
  Gastronok (D)
  An azure jelly (D)
  A deep elf knight (D)
  An orc knight (D)
  3 crystal guardians (D)
  An elephant (D)
  An orc warrior (D)
  An orc priest (D)
  3 orcs (D)
13 creatures vanquished.

Vanquished Creatures (others)
  A deep elf knight (D)
  A yaktaur (D)
  A hellion (D)
  A killer bee (D)
  4 ball lightnings (D)
  4 ballistomycete spores (D)
  A bush (D)
  37 plants (D)
50 creatures vanquished.

Grand Total: 397 creatures vanquished

Notes
Turn   | Place    | Note
-------+----------+-------------------------------------------
     0 | D        | demenzo the Minotaur Berserker began the quest for the Orb.
     0 | D        | Reached XP level 1. HP: 19/19 MP: 0/0
    17 | D        | Reached ** piety under Trog
   131 | D        | Noticed a scorpion
   143 | D        | Killed a scorpion
   144 | D        | Reached skill level 5 in Fighting
   144 | D        | Reached XP level 2. HP: 17/29 MP: 1/1
   144 | D        | Reached XP level 3. HP: 21/36 MP: 2/2
   419 | D        | Reached *** piety under Trog
   420 | D        | Reached XP level 4. HP: 42/42 MP: 3/3
   483 | D        | Noticed a water elemental
   535 | D        | Killed a water elemental
   536 | D        | Reached skill level 5 in Armour
   536 | D        | Reached skill level 5 in Dodging
   570 | D        | Found a radiant altar of Vehumet.
   570 | D        | Found a shimmering blue altar of Sif Muna.
   570 | D        | Found an ancient bone altar of Kikubaaqudgha.
   570 | D        | Noticed a wizard
   572 | D        | Noticed a soul eater
   573 | D        | Killed a wizard
   574 | D        | Reached XP level 5. HP: 51/51 MP: 4/4
   576 | D        | Reached **** piety under Trog
   729 | D        | Found a glowing silver altar of Zin.
   730 | D        | Found a glowing golden altar of the Shining One.
   730 | D        | Found a white marble altar of Elyvilon.
   730 | D        | Noticed a deep elf mage
   742 | D        | Killed a deep elf mage
   743 | D        | Reached XP level 6. HP: 60/63 MP: 5/5
   743 | D        | Reached XP level 7. HP: 67/70 MP: 6/6
   765 | D        | Found a hide-covered altar of Uskayaw.
   765 | D        | Found a roughly hewn altar of Beogh.
   765 | D        | Found an iron altar of Okawaru.
   765 | D        | Found a bloodstained altar of Trog.
   765 | D        | Found an ornate altar of the Wu Jian Council.
   765 | D        | Noticed a human
   771 | D        | Killed a human
   772 | D        | Noticed a human
   792 | D        | Killed a human
  1022 | D        | Found a basalt altar of Yredelemnul.
  1022 | D        | Found a shadowy altar of Dithmenos.
  1022 | D        | Found a sacrificial altar of Ru.
  1028 | D        | Reached ***** piety under Trog
  1066 | D        | Noticed a shadow
  1069 | D        | Killed a shadow
  1070 | D        | Reached skill level 10 in Fighting
  1070 | D        | Reached XP level 8. HP: 79/79 MP: 7/7
  1122 | D        | Found a blossoming altar of Fedhas.
  1122 | D        | Found a stormy altar of Qazlal.
  1123 | D        | Found a snail-covered altar of Cheibriados.
  1123 | D        | Found a burning altar of Makhleb.
  1123 | D        | Found a hazy altar of Hepliaklqana.
  1123 | D        | Found a shimmering altar of Xom.
  1123 | D        | Found an opulent altar of Gozag.
  1123 | D        | Found a sparkling altar of Nemelex Xobeh.
  1123 | D        | Found a corrupted altar of Lugonu.
  1123 | D        | Found a viscous altar of Jiyva.
  1132 | D        | Received a gift from Trog
  1133 | D        | Reached skill level 10 in Armour
  1326 | D        | Noticed an orc knight
  1363 | D        | Killed an orc knight
  1364 | D        | Reached skill level 10 in Dodging
  1378 | D        | Received a gift from Trog
  1685 | D        | Reached ****** piety under Trog
  1694 | D        | Found Ydummy's Assorted Antiques.
  1737 | D        | Bought a fine steel ring for 150 gold pieces
  1737 | D        | Bought a fuming grey potion for 27 gold pieces
  1737 | D        | Bought a puce potion for 27 gold pieces
  1737 | D        | Bought a scroll labelled IQO EBESI QAUNIOWO for 30 gold
                  | pieces
  1737 | D        | Bought a scroll labelled YMU NIXUFIH for 30 gold pieces
  1739 | D        | Identified the ring of Recklessness {+Fly rC+ Str+2 Stlth+}
                  | (You bought it in a shop in the Dungeon)
  1745 | D        | Noticed a deep elf knight
  1745 | D        | Noticed a deep elf mage
  1745 | D        | Noticed a deep elf mage
  1745 | D        | Noticed a deep elf mage
  1745 | D        | Noticed a deep elf knight
  1871 | D        | Noticed a two-headed ogre
  1874 | D        | Killed a two-headed ogre
  1875 | D        | Reached skill level 15 in Axes
  1875 | D        | Reached XP level 9. HP: 89/89 MP: 8/8
  1879 | D        | Noticed a two-headed ogre
  1879 | D        | Noticed Erolcha
  1883 | D        | Killed a two-headed ogre
  1883 | D        | Received a gift from Trog
  1898 | D        | Killed Erolcha
  1917 | D        | Killed a deep elf knight
  1917 | D        | Received a gift from Trog
  1958 | D        | Killed a deep elf mage
  1959 | D        | Reached XP level 10. HP: 79/100 MP: 9/9
  2141 | D        | Killed a deep elf mage
  2172 | D        | Killed a deep elf mage
  2172 | D        | Received a gift from Trog
  2614 | D        | Noticed a cane toad
  2614 | D        | Noticed a cane toad
  2620 | D        | Killed a cane toad
  2620 | D        | Received a gift from Trog
  2621 | D        | Killed a cane toad
  3004 | D        | Got a shimmering executioner's axe {god gift}
  3005 | D        | Identified the +8 executioner's axe of the Egg {flame,
                  | rElec rPois Int+4 Dex+5} (Trog gifted it to you in the
                  | Dungeon)
  3379 | D        | Received a gift from Trog
  3685 | D        | Noticed a lindwurm
  3688 | D        | Killed a lindwurm
  3732 | D        | Reached XP level 11. HP: 105/110 MP: 10/10
  3789 | D        | Received a gift from Trog
  3938 | D        | Noticed Rupert
  3946 | D        | Killed Rupert
  3947 | D        | Reached skill level 15 in Fighting
  4021 | D        | Noticed an azure jelly
  4021 | D        | Noticed an azure jelly
  4021 | D        | Noticed an azure jelly
  4021 | D        | Noticed an azure jelly
  4023 | D        | Noticed a dire elephant
  4023 | D        | Noticed a dire elephant
  4023 | D        | Noticed Gastronok
  4029 | D        | Killed a dire elephant
  4030 | D        | Reached skill level 15 in Armour
  4032 | D        | Killed Gastronok
  4032 | D        | Received a gift from Trog
  4033 | D        | Killed a dire elephant
  4040 | D        | Killed an azure jelly
  4041 | D        | Killed an azure jelly
  4043 | D        | Killed an azure jelly
  4044 | D        | Reached XP level 12. HP: 117/122 MP: 11/11
  4045 | D        | Killed an azure jelly
  4046 | D        | Reached skill level 15 in Dodging
  4153 | D        | Noticed a death yak
  4153 | D        | Noticed a death yak
  4154 | D        | Noticed a death yak
  4154 | D        | Noticed a death yak
  4157 | D        | Received a gift from Trog
  4160 | D        | Killed a death yak
  4161 | D        | Killed a death yak
  4164 | D        | Killed a death yak
  4165 | D        | Killed a death yak
  4167 | D        | Received a gift from Trog
  4562 | D        | Noticed an anaconda
  4562 | D        | Noticed an anaconda
  4568 | D        | Killed an anaconda
  4573 | D        | Killed an anaconda
  4705 | D        | Noticed an anaconda
  4706 | D        | Noticed an anaconda
  4707 | D        | Killed an anaconda
  4712 | D        | Killed an anaconda
  4712 | D        | Received a gift from Trog
  4754 | D        | Noticed an anaconda
  4760 | D        | Killed an anaconda
  4762 | D        | Got a shimmering broad axe {god gift}
  4780 | D        | Noticed an anaconda
  4791 | D        | Killed an anaconda
  4791 | D        | Received a gift from Trog
  5122 | D        | Noticed a naga warrior
  5123 | D        | Noticed a nagaraja
  5152 | D        | Killed a nagaraja
  5153 | D        | Reached XP level 13. HP: 121/134 MP: 12/12
  5176 | D        | Received a gift from Trog
  5177 | D        | Found Corokhla's Antique Armour Boutique.
  5177 | D        | Found Culiytagh's Jewellery Emporium.
  5276 | D        | Found Fuosezee's Magic Scroll Shop.
  5285 | D        | Bought a cloak for 126 gold pieces
  5295 | D        | Bought an uncursed ring of protection from magic for 300
                  | gold pieces
  5295 | D        | Bought a +4 ring of evasion for 432 gold pieces
  5300 | D        | Bought a scroll of acquirement for 572 gold pieces
  5300 | D        | Acquired 861 gold pieces
  5302 | D        | Bought a scroll of remove curse for 33 gold pieces
  5302 | D        | Bought a scroll of identify for 22 gold pieces
  5302 | D        | Bought a scroll of identify for 22 gold pieces
  5302 | D        | Bought a scroll of identify for 22 gold pieces
  5302 | D        | Bought a scroll of identify for 22 gold pieces
  5302 | D        | Bought a scroll of identify for 22 gold pieces
  5302 | D        | Bought a scroll of identify for 22 gold pieces
  5302 | D        | Bought a scroll of identify for 22 gold pieces
  5325 | D        | Got a serpentine rune of Zot
  5443 | D        | Noticed Urug
  5448 | D        | Killed Urug
  5518 | D        | Received a gift from Trog
  5906 | D        | Received a gift from Trog
  5925 | D        | Found Ucruovel's Antique Weapon Emporium.
  5925 | D        | Found Zustruk's Distillery.
  5925 | D        | Found Ikuddeqo's Jewellery Shoppe.
  6094 | D        | Bought a potion of resistance for 140 gold pieces
  6109 | D        | Got a decaying rune of Zot
  6209 | D        | Found a blossoming altar of Fedhas.
  6230 | D        | Received a gift from Trog
  6360 | D        | Received a gift from Trog
  6369 | D        | Received a gift from Trog
  6373 | D        | Received a gift from Trog
  6381 | D        | Received a gift from Trog
  6543 | D        | Noticed Sigmund
  6543 | D        | Noticed Edmund
  6550 | D        | Killed Sigmund
  6551 | D        | Killed Edmund
  6551 | D        | Received a gift from Trog
  6687 | D        | Received a gift from Trog
  6934 | D        | Reached skill level 1 in Evocations
  7003 | D        | Noticed a fire dragon
  7008 | D        | Killed a fire dragon
  7154 | D        | Received a gift from Trog
  7202 | D        | Noticed a bunyip
  7202 | D        | a satyr changed into a bunyip
  7248 | D        | Noticed Chuck
  7252 | D        | Received a gift from Trog
  7530 | D        | Killed Chuck
  7531 | D        | Reached XP level 14. HP: 143/143 MP: 13/13
  7542 | D        | Paralysed by a floating eye for 4 turns
  7555 | D        | Received a gift from Trog
  7617 | D        | Noticed Frederick
  7634 | D        | Killed Frederick
  7635 | D        | Reached skill level 5 in Evocations
  7923 | D        | Noticed a lich
  7931 | D        | Killed a lich
  7931 | D        | Received a gift from Trog
  7993 | D        | Noticed a shadow dragon
  8050 | D        | Killed a shadow dragon
  8094 | D        | Noticed a shadow dragon
  8112 | D        | Killed a shadow dragon
  8118 | D        | Received a gift from Trog
  8352 | D        | Received a gift from Trog
  8536 | D        | Noticed Boris
  8548 | D        | Killed Boris
  8548 | D        | Received a gift from Trog
  8558 | D        | Received a gift from Trog
  8594 | D        | Noticed Mennas
  8624 | D        | Killed Mennas
  8820 | D        | Received a gift from Trog
  8821 | D        | Reached XP level 15. HP: 46/159 MP: 14/14
  9207 | D        | Noticed Roxanne
  9226 | D        | Killed Roxanne
  9283 | D        | Found Qosanur's Distillery.
  9285 | D        | Found Nuarch's Gadget Shop.
  9285 | D        | Found Kazonil's Distillery.
  9285 | D        | Found Tesap's Armour Shop.
  9435 | D        | Bought a +0 pair of boots for 54 gold pieces
  9442 | D        | Bought a potion of degeneration for 13 gold pieces
  9442 | D        | Bought a potion of heal wounds for 65 gold pieces
  9442 | D        | Bought a potion of heal wounds for 65 gold pieces
  9442 | D        | Bought a potion of heal wounds for 65 gold pieces
  9471 | D        | Received a gift from Trog
  9529 | D        | Found Asixzi Elat's Gadget Boutique.
  9778 | D        | Noticed a yellow draconian knight
  9784 | D        | Received a gift from Trog
  9791 | D        | Killed a yellow draconian knight
  9793 | D        | Received a gift from Trog
  9814 | D        | Noticed an Executioner
  9820 | D        | Killed an Executioner
  9860 | D        | Noticed Nessos
  9875 | D        | Killed Nessos
  9875 | D        | Received a gift from Trog
  9984 | D        | Received a gift from Trog
  9986 | D        | Gained mutation: Scrolls take you a little longer to read.
                  | [a shining eye]
 10040 | D        | Noticed a deep elf blademaster
 10081 | D        | Killed a deep elf blademaster
 10395 | D        | Noticed Nikola
 10395 | D        | Noticed a storm dragon
 10413 | D        | Killed a storm dragon
 10413 | D        | Received a gift from Trog
 10430 | D        | Killed Nikola
 10714 | D        | Received a gift from Trog
 10748 | D        | Received a gift from Trog
 10786 | D        | Noticed Mara
 10802 | D        | Killed Mara
 10856 | D        | Received a gift from Trog
 11089 | D        | Bought a wand of acid (5) for 198 gold pieces
 11122 | D        | Reached skill level 10 in Evocations
 11125 | D        | Received a gift from Trog
 11420 | D        | Received a gift from Trog
 11583 | D        | Noticed Geryon
 11604 | D        | Received a gift from Trog
 11605 | D        | Reached XP level 16. HP: 176/176 MP: 15/15
 11724 | D        | Killed Geryon
 11940 | D        | Noticed a Brimstone Fiend
 11974 | D        | Killed a Brimstone Fiend
 12070 | D        | Noticed an iron giant
 12078 | D        | Killed an iron giant
 12078 | D        | Received a gift from Trog
 12394 | D        | Received a gift from Trog
 12500 | D        | Noticed a Hell Sentinel
 12500 | D        | Noticed a Hell Sentinel
 12500 | D        | Identified the +4 staff of Dispater
 12500 | D        | Noticed Dispater
 12509 | D        | Killed a Hell Sentinel
 12518 | D        | Killed a Hell Sentinel
 12525 | D        | Killed Dispater
 12526 | D        | Reached skill level 15 in Evocations
 12707 | D        | Got an ancient brass ring
 12709 | D        | Got a fine crystal amulet
 12709 | D        | Got a fine golden ring
 12711 | D        | Got an iron rune of Zot
 12730 | D        | Got a scorched lead ring
 12741 | D        | Identified the ring of Eckeym {Wiz +Blink rElec MR- MP+9}
                  | (You found it in the Dungeon)
 12743 | D        | Identified the ring "Wagextowk" {Str+10 Stlth-} (You found
                  | it in the Dungeon)
 12745 | D        | Identified the ring of Risid {Ice +Inv} (You found it in
                  | the Dungeon)
 12940 | D        | Reached skill level 27 in Fighting
 12944 | D        | Received a gift from Trog
 12953 | D        | Reached skill level 27 in Armour
 12965 | D        | Noticed a Hell Sentinel
 12977 | D        | Killed a Hell Sentinel
 13147 | D        | Got a pair of dazzling boots
 13147 | D        | Got a pitted scale mail
 13158 | D        | Identified the +0 pair of boots of the Desert {Dex+8
                  | Stlth-} (You found it in the Dungeon)
 13169 | D        | Identified the +1 scale mail "Duci" {Str+4} (You found it
                  | in the Dungeon)
 13209 | D        | Noticed a greater mummy
 13210 | D        | Noticed a greater mummy
 13211 | D        | Received a gift from Trog
 13656 | D        | Found Xuirawki's Antique Weapon Emporium.
 13656 | D        | Found Ene Ysaa's Magic Scroll Shop.
 13656 | D        | Found Nyzu Jof's Antique Armour Boutique.
 13656 | D        | Found Iloikh's Distillery.
 13656 | D        | Found Obuagysh's Antique Armour Boutique.
 13656 | D        | Found Tigeps's Jewellery Emporium.
 13656 | D        | Found Ymuojumu's General Store.
 13656 | D        | Found Puymeep's Weapon Shop.
 13656 | D        | Found Liwimoyh's Gadget Shop.
 13656 | D        | Found Qagaj's Gadget Emporium.
 13656 | D        | Found Cujytzepn's Book Boutique.
 13675 | D        | Bought a scroll of magic mapping for 49 gold pieces
 13838 | D        | Noticed a titan
 13838 | D        | Noticed a golden dragon
 13838 | D        | Noticed a golden dragon
 13869 | D        | Received a gift from Trog
 14023 | D        | Received a gift from Trog
 14344 | D        | Noticed a quicksilver dragon
 14349 | D        | Killed a quicksilver dragon
 14356 | D        | Killed a titan
 14396 | D        | Reached XP level 17. HP: 191/191 MP: 16/16
 14399 | D        | Received a gift from Trog
 14460 | D        | Identified the +8 quarterstaff of Regicide {venom, Int+7}
 14480 | D        | Killed a golden dragon
 14480 | D        | Received a gift from Trog
 14556 | D        | Identified the cursed +1 whip of the Orcish Mines {freeze,
                  | +Rage rElec Int+3 Dex+3}
 14662 | D        | Killed a golden dragon
 14663 | D        | Reached skill level 27 in Dodging
 14746 | D        | Identified the +2 lajatang "Ympokew" {vamp, *Rage rElec
                  | rPois MR++}
 14746 | D        | Identified the +6 dire flail of the Weasel {flame, +Fly MR+
                  | Int-5 Stlth+}
 14748 | D        | Received a gift from Trog
 14762 | D        | Got a silver rune of Zot
 15149 | D        | Noticed a deep elf blademaster
 15166 | D        | Killed a deep elf blademaster
 15174 | D        | Found the +10 tower shield of Ignorance {rN+ Int-4}
 15180 | D        | Acquired 840 gold pieces
 15186 | D        | Identified Qyplutt's Catalogue of Cold
 15270 | D        | Identified the amulet of Zuch {rF+ Regen+ Int+3} (You found
                  | it in the Dungeon)
 15275 | D        | Got an ancient silver amulet
 15275 | D        | Got a heavily runed brass ring
 15526 | D        | Noticed an acid blob
 15533 | D        | Killed an acid blob
 15533 | D        | Received a gift from Trog
 15820 | D        | Found a viscous altar of Jiyva.
 15820 | D        | Noticed the Royal Jelly
 15825 | D        | Noticed an acid blob
 15825 | D        | Noticed an acid blob
 15827 | D        | Noticed an acid blob
 15827 | D        | Noticed an acid blob
 15827 | D        | Noticed an acid blob
 15829 | D        | Killed an acid blob
 15829 | D        | Killed an acid blob
 15829 | D        | Paralysed by a floating eye for 4 turns
 15850 | D        | Killed an acid blob
 15854 | D        | Killed an acid blob
 15856 | D        | Paralysed by a floating eye for 4 turns
 15877 | D        | Paralysed by a floating eye for 4 turns
 15887 | D        | Paralysed by a floating eye for 3 turns
 15888 | D        | Noticed an acid blob
 15888 | D        | Noticed an acid blob
 15889 | D        | HP: 12/283 [death ooze[the Royal Jelly] (9)]
 15890 | D        | HP: 5/283 [acid (2)]
 15892 | D        | Killed the Royal Jelly
 15892 | D        | Received a gift from Trog
 15898 | D        | HP: 7/283 [acid[the Royal Jelly] (2)]
 15898 | D        | HP: 2/283 [acid[the Royal Jelly] (6)]
 15899 | D        | Killed an acid blob
 15899 | D        | Slain by an azure jelly

Illustrated notes

Levels and vault maps discovered:
D:        dungeon_sprint_mu [sprint_mu_entry_forest, sprint_mu_temple_rooms,
          sprint_mu_d1_spiders, sprint_mu_d2_genie, sprint_mu_d3_branching,
          sprint_mu_orc_legion, sprint_mu_elf_gauntlet, sprint_mu_hive_nellie,
          sprint_mu_lair_fedhas, sprint_mu_vaults_butterflies,
          sprint_mu_slime_circle, sprint_mu_swamp_cave, sprint_mu_snake_twists,
          sprint_mu_blade_basic, sprint_mu_crypt_lich, sprint_mu_tomb_spiral,
          sprint_mu_vestibule_basic, sprint_mu_gehenna_hellfire,
          sprint_mu_dis_giant, sprint_mu_tartarus_statrot,
          sprint_mu_cocytus_islands, sprint_mu_zot1]

Skill      XL: |  1  2  3  4  5  6  7  8  9 10 11 12 13 14 15 16 17 |
---------------+----------------------------------------------------+-----
Fighting       | 5 6 9 10 11 12 14 16 17 19 23 25 27 | 27.0
Axes           | 6 7 8 11 13 15 16 18 21 23 25 26 | 26.0
Armour         | 4 6 8 9 11 12 14 16 17 19 22 25 27 | 27.0
Dodging        | 4 5 7 9 10 11 13 14 16 18 21 23 26 27 | 27.0
Evocations     | 3 5 11 19 25 | 25.2

Action                   |  1- 3 |  4- 6 |  7- 9 | 10-12 | 13-15 | 16-18 || total
-------------------------+-------+-------+-------+-------+-------+-------++-------
Melee: Hand axe          |    21 |    13 |    19 |       |       |       ||    53
       Headbutt          |     1 |     4 |    10 |    18 |   121 |   105 ||   259
       Battleaxe         |       |       |    44 |    23 |       |       ||    67
       Executioner's axe |       |       |       |   126 |   448 |   254 ||   828
 Fire: Arbalest          |       |       |       |       |    15 |     5 ||    20
Throw: Throwing net      |       |       |       |       |       |     1 ||     1
Invok: Berserk           |     2 |     3 |     6 |     6 |    14 |     7 ||    38
       Trog's Hand       |       |     1 |     1 |     3 |    10 |     3 ||    18
       Brothers in Arms  |       |       |     3 |     1 |     2 |     2 ||     8
Evoke: Wand              |       |       |       |       |     3 |       ||     3
       Tin of tremorston |       |       |       |       |     1 |       ||     1
  Use: Scroll            |       |       |     3 |       |     8 |    10 ||    21
       Potion            |       |       |       |       |     1 |     4 ||     5
 Stab: Distracted        |       |       |       |       |     2 |       ||     2
       Held in net/web   |       |       |       |       |       |     1 ||     1
Armor: Animal skin       |     2 |     2 |     2 |       |       |       ||     6
       Plate armour      |       |       |     7 |    54 |   138 |    46 ||   245
       Ice dragon scales |       |       |       |       |    10 |       ||    10
       Gold dragon scale |       |       |       |       |       |    78 ||    78
Dodge: Dodged            |     9 |     2 |    22 |   106 |   365 |   267 ||   771

Table legend: (Time is in decaauts) A = Elapsed time spent in this place. B = Non-inter-level travel time spent in this place. C = Inter-level travel time spent in this place. D = Time resting spent in this place. E = Time spent auto-exploring this place. F = Levels seen in this place. G = Mean time per level. A B C D E F G +--------+--------+--------+--------+--------+-----+--------+ Total | 16062 | 15816 | 246 | 11545 | 828 | 1 | 16062.0 | Dungeon | 16062 | 15816 | 246 | 11545 | 828 | 1 | 16062.0 | +--------+--------+--------+--------+--------+-----+--------+

Top non-repeatable levels by time:
       D: 16062 daAuts
